 Dungeon Crawl Stone Soup version 0.29.0-7-g18a832c13a (webtiles) character file.

Game seed: 4413991885029467927

12313 night the Frost Mage (level 11, -4/68 HPs)
             Began as a Demonspawn Ice Elementalist on Aug 30, 2022.
             Was a Believer of Vehumet.
             Slain by a boulder beetle (12 damage)
             ... on level 11 of the Dungeon.
             The game lasted 00:36:22 (15514 turns).

night the Frost Mage (Demonspawn Ice Elementalist) Turns: 15514, Time: 00:36:22

Health: -4/68      AC: 20    Str:  9    XL:     11   Next: 60%
Magic:  17/25      EV: 16    Int: 21    God:    Vehumet [**....]
Gold:   347        SH:  0    Dex: 13    Spells: 17/31 levels left

rFire   . . .      SeeInvis .   A - +4 morningstar (freeze)
rCold   . . .      Faith    .   (no shield)
rNeg    + . .      Spirit   .   H - +3 leather armour of Insatiable Hunger {rN+}
rPois   .          Reflect  .   (helmet restricted)
rElec   .          Harm     .   c - +2 cloak
rCorr   +          Rampage  .   y - +0 pair of gloves
Will    +....                   (no boots)
Stlth   ++........              (no amulet)
HPRegen 0.21/turn               f - ring of resist corrosion
MPRegen 0.19/turn               D - ring of willpower

@: agile, ice-armoured, freezing walls
A: antennae 1, thin metallic scales 2, ignite blood 1, powered by pain 2
a: Renounce Religion


You were on level 11 of the Dungeon.
You worshipped Vehumet.
Vehumet was pleased with you.
You visited 2 branches of the dungeon, and saw 12 of its levels.
You also visited: Sewer.

You collected 542 gold pieces.
You spent 195 gold pieces at shops.

Inventory:

Hand Weapons
 a - the +11 great sword of Infection {pain, rElec Str+7 Dex+4}
   (You bought it in a shop on level 5 of the Dungeon)

   In the hands of one skilled in necromantic magic, it inflicts extra damage on
   living creatures.
   Str:       It affects your strength (+7).
   Dex:       It affects your dexterity (+4).
   rElec:     It insulates you from electricity.
 A - a +4 morningstar of freezing (weapon)
 C - a +0 scimitar
Missiles
 e - 96 stones
 k - 14 poisoned darts
 o - 13 boomerangs
 K - a curare-tipped dart
Armour
 c - a +2 cloak (worn)
 x - a +1 robe
 y - a +0 pair of gloves (worn)
 G - +0 steam dragon scales
 H - the +3 leather armour of Insatiable Hunger (worn) {rN+}
   (You found it on level 8 of the Dungeon)

   rN:        It protects you from negative energy.
Magical Staves
 b - a staff of cold
Jewellery
 f - a ring of resist corrosion (left hand)
 D - a ring of willpower (right hand)
 L - a ring of positive energy
 M - a ring of protection from fire
Scrolls
 d - 4 scrolls of poison
 j - 2 scrolls of fear
 l - 7 scrolls of teleportation
 q - 2 scrolls of enchant weapon
 r - 2 scrolls of vulnerability {unknown}
 t - 3 scrolls of identify
 z - a scroll of blinking
 B - a scroll of amnesia
 E - 2 scrolls of enchant armour
 N - a scroll of magic mapping {unknown}
Potions
 g - 2 potions of lignification
 h - 4 potions of resistance
 m - a potion of ambrosia
 n - 2 potions of haste
 s - a potion of cancellation
 u - 3 potions of flight
 v - 3 potions of curing
 w - a potion of berserk rage
 F - 4 potions of magic
 I - 2 potions of heal wounds {unknown}
 J - a potion of mutation {unknown}
 O - 2 potions of attraction {unknown}


   Skills:
 - Level 1.7 Dodging
 - Level 1.7 Stealth
 + Level 10.6 Spellcasting
 * Level 14.0 Ice Magic


You had 17 spell levels left.
You knew the following spells:

 Your Spells              Type           Power      Damage    Failure   Level
a - Freeze                Ice            100%       1d11      1%          1
b - Frozen Ramparts       Ice            100%       1d16      1%          3
c - Ozocubu's Armour      Ice            63%        N/A       1%          3
d - Ozocubu's Refrigerat  Ice            31%        4d14      22%         7

Your spell library contained the following spells:

 Spells                   Type           Power      Damage    Failure   Level
 Static Discharge         Conj/Air       11%        3-5/arc   13%         2
 Ensorcelled Hibernation  Hex/Ice        80%        N/A       1%          2
 Hailstorm                Conj/Ice       40%        3d10      4%          4
 Ice Form                 Ice/Tmut       40%        N/A       4%          4
 Necrotise                Necr           44%        1d6       9%          1
 Sandblast                Erth           22%        2d7       9%          1
 Blink                    Tloc           22%        N/A       13%         2
 Passwall                 Tmut/Erth      9%         N/A       13%         2
 Scorch                   Fire           22%        2d6       13%         2
 Spider Form              Tmut/Pois      11%        N/A       26%         3
 Stone Arrow              Conj/Erth      22%        3d8       26%         3
 Swiftness                Air            11%        N/A       26%         3
 Vampiric Draining        Necr           11%        2d6       26%         3
 Simulacrum               Ice/Necr       20%        N/A       58%         6
 Anguish                  Hex/Necr       5%         N/A       65%         4
 Flame Wave               Conj/Fire      11%        2d6       65%         4
 Agony                    Necr           11%        N/A       94%         5
 Manifold Assault         Tloc           11%        N/A       94%         5
 Summon Cactus Giant      Summ           5%         N/A       100%        6
 Storm Form               Tmut/Air       5%         N/A       100%        7


Dungeon Overview and Level Annotations

Branches:
Dungeon (11/15)            Temple (1/1) D:6             Orc (0/2) D:10
  Sewer (visited)
   Lair: D:8-11

Altars:
Ashenzari
Cheibriados
Dithmenos
Fedhas
Gozag
Hepliaklqana
Kikubaaqudgha
Makhleb
Nemelex Xobeh
Okawaru
Qazlal
Ru
Sif Muna
Trog
Uskayaw
Vehumet
Wu Jian
Xom
Yredelemnul

Shops:
D:3 *   D:5 *

Annotations:
D:7 3 runed translucent doors, Flugkiller's ghost, novice MiFi; Plasmagod's ghost, weakling SpDe


Innate Abilities, Weirdness & Mutations

You have a pair of small antennae on your head.
You are mostly covered in thin metallic scales. (AC +3)
Your demonic aura sometimes causes spilled blood to erupt in flames.
You sometimes gain power by taking damage.


Message History

Press: ? - help, Dir - look around, f - activate The walls around you are covered in ice.
The wall freezes the boulder beetle.
The wall freezes the boulder beetle!
You hit the boulder beetle but do no damage.
The boulder beetle is severely wounded.
The wall freezes the boulder beetle but does no damage.
The boulder beetle bites you!
You focus on the pain.
You feel agile all of a sudden.
The wall freezes the boulder beetle but does no damage.
The boulder beetle misses you.
You hit the boulder beetle. You freeze the boulder beetle.
The boulder beetle is almost dead.
The wall freezes the boulder beetle but does no damage.
The boulder beetle barely misses you.
You hit the boulder beetle but do no damage.
The boulder beetle is almost dead.
The wall freezes the boulder beetle but does no damage.
The boulder beetle leaps!
The wall freezes the boulder beetle but does no damage.
The boulder beetle curls into a ball and begins rolling!
You aren't carrying any items that you can evoke.
Casting: Frozen Ramparts (safe; 1% risk of failure)
Confirm with . or Enter, or press ? or * to list all spells.
Okay, then.
The wall freezes the boulder beetle but does no damage.
You thump the boulder beetle! You freeze the boulder beetle.
The boulder beetle is almost dead.
The wall freezes the boulder beetle but does no damage.
The boulder beetle hits you!!
* * * LOW HITPOINT WARNING * * *
You focus on the pain.
You feel your power returning.
The boulder beetle stops rolling and uncurls.
The wall freezes the boulder beetle but does no damage.
The boulder beetle barely misses you.
You barely miss the boulder beetle.
The boulder beetle is almost dead.
The wall freezes the boulder beetle but does no damage.
The boulder beetle bites you!
You die...

#. ##.####.#.# ##
...###.......#.#
#.#...##.#.###.#
...............#
...........#####
###.###.#### #.# #.#
..######.###.########
......†@B............
########.###.########
#.# #.# #.# #.# #.#
#.# ..# #.# ### #.#
#.#


You could see a boulder beetle.

Vanquished Creatures
  A hydra (D:11)
  A boulder beetle (D:11)
  2 two-headed ogres
  Pikel (D:4)
  A kobold demonologist (D:11)
  A queen bee (D:8)
  A troll (D:10)
  2 hornets
  Grinder (D:4)
  2 shadows
  Sigmund (D:4)
  11 yaks
  A steam dragon (D:8)
  Menkaure (D:7)
  2 vampire mosquitoes (D:11)
  3 acid dragons
  2 water moccasins
  4 orc warriors
  4 ice beasts
  2 sky beasts
  An ogre (D:5)
  A lemure (D:4)
  A kobold brigand (D:10)
  Blork the orc (D:6)
  6 bullfrogs
  A necrophage (D:6)
  A scorpion (D:5)
  A gnoll sergeant (D:7)
  8 wights
  12 killer bees
  13 howler monkeys
  5 hounds
  6 orc priests
  Natasha (D:4)
  12 orc wizards
  Ijyb (D:4)
  3 iguanas
  Robin (D:2)
  12 gnolls
  5 river rats (Sewer)
  10 adders
  2 shadow imps
  A white imp (D:6)
  An ufetubus (D:5)
  3 worms
  3 dart slugs
  45 orcs
  6 bats
  7 endoplasms
  5 giant cockroaches
  17 goblins
  7 hobgoblins
  6 jackals
  14 kobolds
  6 quokkas
  16 ball pythons
  8 frilled lizards
  23 rats
316 creatures vanquished.

Vanquished Creatures (collateral kills)
  Snorg (D:11)
1 creature vanquished.

Vanquished Creatures (others)
  A ball python (D:4)
  14 plants (D:8)
  3 withered plants (D:7)
18 creatures vanquished.

Grand Total: 335 creatures vanquished

Notes
Turn   | Place    | Note
-------+----------+-------------------------------------------
     0 | D:1      | night the Demonspawn Ice Elementalist began the quest for
                  | the Orb.
     0 | D:1      | Reached XP level 1. HP: 13/13 MP: 3/3
   514 | D:1      | Gained mutation: You have a pair of small antennae on your
                  | head. [demonic ancestry]
   514 | D:1      | Reached XP level 2. HP: 13/19 MP: 3/5
   777 | D:1      | Reached skill level 4 in Ice Magic
  1314 | D:1      | Gained mutation: You are partially covered in thin metallic
                  | scales. (AC +2) [demonic ancestry]
  1314 | D:1      | Reached XP level 3. HP: 24/24 MP: 5/7
  1318 | D:1      | Learned a level 3 spell: Frozen Ramparts
  1322 | D:1      | Learned a level 3 spell: Ozocubu's Armour
  2554 | D:2      | Noticed Robin
  2560 | D:2      | Reached XP level 4. HP: 27/30 MP: 1/8
  2565 | D:2      | Killed Robin
  2830 | D:2      | Found an ornate altar of the Wu Jian Council.
  3242 | D:3      | Found a faded altar of an unknown god.
  3333 | D:3      | Found a blossoming altar of Fedhas.
  3548 | D:3      | Found a glowing drain.
  3562 | Sewer    | Entered a sewer
  3792 | Sewer    | Reached XP level 5. HP: 14/35 MP: 1/10
  4052 | Sewer    | Reached skill level 5 in Ice Magic
  4362 | Sewer    | Gained mutation: You sometimes gain a little power by
                  | taking damage. [demonic ancestry]
  4362 | Sewer    | Reached XP level 6. HP: 32/41 MP: 3/12
  5011 | D:3      | Found Zin's Purification Station.
  5177 | D:4      | Noticed Grinder
  5206 | D:4      | Paralysed by Grinder for 3 turns
  5214 | D:4      | Killed Grinder
  5215 | D:4      | Reached skill level 5 in Spellcasting
  5215 | D:4      | Reached skill level 6 in Ice Magic
  5215 | D:4      | Gained mutation: You are mostly covered in thin metallic
                  | scales. (AC +3) [demonic ancestry]
  5215 | D:4      | Reached XP level 7. HP: 14/46 MP: 9/15
  5477 | D:4      | Learned a level 7 spell: Ozocubu's Refrigeration
  5497 | D:4      | Noticed Ijyb
  5514 | D:4      | Killed Ijyb
  5779 | D:4      | Noticed Pikel
  5788 | D:4      | Killed Pikel
  5789 | D:4      | Reached skill level 7 in Ice Magic
  5789 | D:4      | Gained mutation: Your demonic aura sometimes causes spilled
                  | blood to erupt in flames. [demonic ancestry]
  5789 | D:4      | Reached XP level 8. HP: 40/52 MP: 4/17
  6247 | D:4      | Noticed Sigmund
  6253 | D:4      | Killed Sigmund
  6254 | D:4      | Reached skill level 8 in Ice Magic
  6377 | D:4      | Noticed Natasha
  6383 | D:4      | Killed Natasha
  6502 | D:5      | Entered Level 5 of the Dungeon
  7396 | D:5      | Found Gurghiysm's Assorted Antiques.
  7405 | D:5      | Bought an iridescent great sword for 195 gold pieces
  7405 | D:5      | Identified the +11 great sword of Infection {pain, rElec
                  | Str+7 Dex+4} (You bought it in a shop on level 5 of the
                  | Dungeon)
  7432 | D:5      | Reached skill level 9 in Ice Magic
  7518 | D:5      | Reached XP level 9. HP: 33/57 MP: 19/19
  8187 | D:6      | Noticed Blork the orc
  8196 | D:6      | Killed Blork the orc
  8889 | D:6      | Reached skill level 10 in Ice Magic
  9262 | D:6      | Found a hide-covered altar of Uskayaw.
  9358 | D:6      | Found a staircase to the Ecumenical Temple.
  9363 | Temple   | Entered the Ecumenical Temple
  9465 | Temple   | Became a worshipper of Vehumet
 10028 | D:7      | Found a runed translucent gate.
 10030 | D:7      | Found a runed translucent gate.
 10030 | D:7      | Noticed Flugkiller's ghost (novice MiFi)
 10031 | D:7      | Found a runed translucent gate.
 10032 | D:7      | Noticed Flugkiller's ghost (novice MiFi)
 10034 | D:7      | Noticed Plasmagod's ghost (weakling SpDe)
 10104 | D:7      | Reached skill level 11 in Ice Magic
 10252 | D:7      | Reached XP level 10. HP: 63/63 MP: 16/22
 10277 | D:7      | Reached * piety under Vehumet
 10277 | D:7      | Offered knowledge of Magic Dart by Vehumet.
 10324 | D:7      | Noticed Menkaure
 10340 | D:7      | Killed Menkaure
 10767 | D:8      | Found a hazy altar of Hepliaklqana.
 10846 | D:8      | HP: 7/63 [poisoned by a killer bee]
 10851 | D:8      | HP: 3/63 [poisoned by a killer bee]
 11506 | D:8      | Reached skill level 12 in Ice Magic
 11785 | D:8      | Found a sparkling altar of Nemelex Xobeh.
 11788 | D:8      | Identified the +3 leather armour of Insatiable Hunger {rN+}
 12118 | D:9      | Found a burning altar of Makhleb.
 12187 | D:9      | Noticed a two-headed ogre
 12217 | D:9      | Killed a two-headed ogre
 12906 | D:9      | Paralysed by a hornet for 1 turns
 13256 | D:10     | Entered Level 10 of the Dungeon
 13288 | D:10     | Noticed a two-headed ogre
 13297 | D:10     | Killed a two-headed ogre
 13298 | D:10     | Gained mutation: You sometimes gain power by taking damage.
                  | [demonic ancestry]
 13298 | D:10     | Reached XP level 11. HP: 15/68 MP: 11/24
 13745 | D:10     | Reached skill level 13 in Ice Magic
 13746 | D:10     | Reached ** piety under Vehumet
 13751 | D:10     | Reached skill level 10 in Spellcasting
 13751 | D:10     | Offered knowledge of Static Discharge by Vehumet.
 14074 | D:10     | Found a staircase to the Orcish Mines.
 14708 | D:11     | Noticed Snorg
 14726 | D:11     | Killed Snorg
 15222 | D:11     | Noticed a boulder beetle
 15231 | D:11     | Killed a boulder beetle
 15492 | D:11     | Noticed a boulder beetle
 15493 | D:11     | Noticed a six-headed hydra
 15503 | D:11     | Killed a six-headed hydra
 15504 | D:11     | Reached skill level 14 in Ice Magic
 15513 | D:11     | HP: 8/68 [boulder beetle (30)]
 15514 | D:11     | Slain by a boulder beetle

Illustrated notes

Levels and vault maps discovered:
D:1:      matt_arrival_grand_opening, layout_basic, nicolae_hexahallways
D:2:      layout_loops_ring, basic_altar, fountainhead,
          corexii_item_surrounded_by_moat, uniq_robin
D:3:      layout_loops_ring, zin_purify, lemuel_tele_altar,
          basic_ecumenical_altar, cheibrodos_sewer_entry_sluice
D:4:      layout_rooms, nrook_campfire, uniq_pikel, uniq_grinder, uniq_sigmund,
          uniq_natasha, uniq_ijyb
D:5:      layout_basic, serial_shops, nicolae_shop_advertising_works
          [nicolae_subvault_shop_adworks]
D:6:      layout_cave_pods, mainiacjoe_overflow_concentric_impassable,
          temple_doors_e, uniq_blork_the_orc
D:7:      layout_gridville, gammafunk_ghost_cemetery, uniq_menkaure
D:8:      layout_loops_corners, mainiacjoe_overflow_catch_the_wave,
          nicolae_looking_at_the_future
D:9:      layout_long_grid, bloody_makhleb
D:10:     layout_irregular_city, david_orc_2
D:11:     layout_loops_ring, david_lair_shrubbed, uniq_snorg
Temple:   minmay_temple_bridge_d

Skill      XL: |  1  2  3  4  5  6  7  8  9 10 11 |
---------------+----------------------------------+-----
Ice Magic      | 4 5 6 7 9 11 12 14 | 14.0
Spellcasting   | 3 4 5 6 7 8 9 10 | 10.6
Dodging        | |  1.7
Stealth        | |  1.7

Action                   |  1- 3 |  4- 6 |  7- 9 | 10-12 || total
-------------------------+-------+-------+-------+-------++-------
Melee: Dagger            |    33 |   105 |    68 |       ||   206
       Unarmed           |     1 |       |       |       ||     1
       Punch             |     1 |       |     4 |       ||     5
       Great sword       |       |       |    78 |   114 ||   192
       Staff             |       |       |       |     2 ||     2
       Morningstar       |       |       |       |     5 ||     5
Throw: Boomerang         |       |     2 |       |       ||     2
       Dart              |       |     1 |     4 |     4 ||     9
 Cast: Freeze            |    28 |    28 |     4 |    13 ||    73
       Frozen Ramparts   |    16 |    27 |    41 |    29 ||   113
       Ozocubu's Armour  |     4 |    11 |    32 |    21 ||    68
       Ozocubu's Refrige |       |       |       |    15 ||    15
Evoke: Wand              |       |       |     2 |     3 ||     5
  Use: Scroll            |     2 |    10 |     8 |     2 ||    22
       Potion            |       |     1 |     2 |     1 ||     4
 Stab: Sleeping          |     8 |     1 |       |     1 ||    10
       Distracted        |       |       |       |     1 ||     1
Armor: Robe              |     9 |    48 |    83 |    41 ||   181
       Leather armour    |       |       |       |    46 ||    46
Dodge: Dodged            |    26 |    96 |   122 |   129 ||   373
